 Dungeon Crawl Stone Soup version 0.19.1-1-g22dce08 (webtiles) character file.

31 theAP the Grave Robber (level 3, -8/24 HPs)
             Began as a Demonspawn Necromancer on Dec 30, 2016.
             Mangled by Sigmund
             ... wielding a +0 scythe of venom
              (9 damage)
             ... on level 2 of the Dungeon.
             The game lasted 00:04:10 (728 turns).

theAP the Grave Robber (Demonspawn Necromancer)      Turns: 728, Time: 00:04:12

Health: -8/24      AC:  3    Str:  8    XL:     3   Next: 7%
Magic:  3/6        EV: 13    Int: 17    God:
Gold:   19         SH:  0    Dex: 13    Spells: 1 memorised, 6 levels left

rFire  . . .     SeeInvis .     (no weapon)
rCold  . . .     Gourm    .     h - +0 leather armour
rNeg   . . .     Faith    .     (no shield)
rPois  .         Spirit   .     (no helmet)
rElec  .         Reflect  .     (no cloak)
rCorr  .         Harm     .     (no gloves)
MR     .....                    (no boots)
Stlth  ++........               (no amulet)
                                (no ring)
                                (no ring)

@: lethally poisoned (-8 -> -13)
A: repulsion field 1
a: no special abilities


You were on level 2 of the Dungeon.
You were not hungry.

You visited 1 branch of the dungeon, and saw 2 of its levels.

You collected 19 gold pieces.

Inventory:

Armour
 a - a +0 robe
 h - a +0 leather armour (worn)
Scrolls
 d - 2 scrolls of enchant weapon
 f - a scroll of identify
 j - a scroll of fog {unknown}
Potions
 e - 2 potions of brilliance {unknown}
 g - 2 potions of lignification {unknown}
 i - 2 potions of haste {unknown}
 k - a potion of agility {unknown}
 l - a potion of ambrosia {unknown}
Books
 b - a book of Necromancy

   Spells                             Type                      Level
   a - Pain                           Necromancy                   1
   b - Animate Skeleton               Necromancy                   1
   c - Vampiric Draining              Necromancy                   3
   d - Regeneration                   Charms/Necromancy            3
   e - Animate Dead                   Necromancy                   4
   f - Control Undead                 Necromancy                   4
Comestibles
 c - a bread ration


   Skills:
 + Level 0.1 Armour
 + Level 1.7 Dodging
 + Level 1.8 Stealth
 + Level 0.1 Unarmed Combat
 + Level 2.5 Spellcasting
 + Level 5.0 Necromancy


You had 6 spell levels left.
You knew the following spells:

 Your Spells              Type           Power        Failure   Level  Hunger
a - Pain                  Necr           ###.         3%          1    #......


Dungeon Overview and Level Annotations

Branches:
Dungeon (2/15)

Altars:
Fedhas

Annotations:
D:2 Sigmund


Innate Abilities, Weirdness & Mutations

You are surrounded by a mild repulsion field. (EV +2)


Message History

You see here 9 gold pieces.
Found a stone staircase leading down.
Something hits you but does no damage.
You are poisoned.
You feel sick.
A magic dart appears from out of thin air!
The magic dart hits you!
* * * LOW HITPOINT WARNING * * *
* * * LOW HITPOINT WARNING * * *
You feel sick. Something hits you.
* * * LOW HITPOINT WARNING * * *
* * * LOW HITPOINT WARNING * * *
You feel sick.
Found an escape hatch in the ceiling.
* * * LOW HITPOINT WARNING * * *
You feel sick.
Found 7 gold pieces.
Something hits you!
You die...

#### ##...####
##.>...... .
#.......# <.
#..(....#.. ..
#......... #..
#.....#
####.##@....######
.................#
####.........###.#
#........$.#
#......†..## #
......#.[.###.# .#
#.....†........# )#
$..P.P.....#######.#
...._......####....#


There were no monsters in sight!

Vanquished Creatures
  An ooze (D:1)
  2 dart slugs (D:1)
  A leopard gecko (D:2)
  2 giant cockroaches (D:1)
  3 goblins
  3 hobgoblins (D:1)
  4 bats
  A kobold (D:2)
  3 rats
20 creatures vanquished.

Notes
Turn   | Place    | Note
-------+----------+-------------------------------------------
     0 | D:1      | theAP the Demonspawn Necromancer began the quest for the Orb.
     0 | D:1      | Reached XP level 1. HP: 13/13 MP: 3/3
     2 | D:1      | Noticed a halfling
     2 | D:1      | Noticed a dwarf
     4 | D:1      | Noticed a minotaur
     6 | D:1      | Noticed a centaur
     6 | D:1      | Noticed a vampire
     8 | D:1      | Noticed a spriggan
     8 | D:1      | Noticed a vine stalker
    10 | D:1      | Noticed a naga
    10 | D:1      | Noticed a gargoyle
    13 | D:1      | Noticed a ghoul
    13 | D:1      | Noticed a demigod
    15 | D:1      | Noticed an ogre
    17 | D:1      | Noticed a demonspawn
    19 | D:1      | Noticed a tengu
    19 | D:1      | Noticed an octopode
    21 | D:1      | Noticed a draconian
    23 | D:1      | Noticed a human
    23 | D:1      | Noticed a felid
    25 | D:1      | Noticed an elf
    25 | D:1      | Noticed a formicid
    27 | D:1      | Noticed a merfolk
    27 | D:1      | Noticed a troll
   156 | D:1      | Gained mutation: You are surrounded by a mild repulsion field. (EV +2) [demonic ancestry]
   156 | D:1      | Reached XP level 2. HP: 6/19 MP: 1/5
   663 | D:2      | Found a blossoming altar of Fedhas.
   665 | D:2      | Reached skill level 5 in Necromancy
   676 | D:2      | Reached XP level 3. HP: 18/24 MP: 0/6
   713 | D:2      | Noticed Sigmund
   727 | D:2      | HP: 1/24 [poisoned by Sigmund]
   728 | D:2      | Mangled by Sigmund

Skill      XL: |  1  2 |
---------------+-------+-----
Necromancy     | 5 |  5.0
Armour         | |  0.1
Dodging        | |  1.7
Stealth        | |  1.8
Unarmed Combat | |  0.1
Spellcasting   | |  2.5

Action                   || total
-------------------------++-------
Melee: Unarmed           ||    10
 Cast: Pain              ||    34
  Use: Scroll            ||     3
Armor: Robe              ||     1
       Leather armour    ||     1
Dodge: Dodged            ||     7
